 Dungeon Crawl Stone Soup version 0.31-a0-845-g9abc20d24f (webtiles) character file.

Game seed: 17362298715933072164

296 Nafanya the Ducker (level 6, -4/47 HPs)
             Began as a Demonspawn Gladiator on Oct 2, 2023.
             Slain by a black bear (6 damage)
             ... on level 4 of the Dungeon.
             The game lasted 00:11:36 (3090 turns).

Nafanya the Ducker (Demonspawn Gladiator)           Turns: 3090, Time: 00:11:37

Health: -4/47      AC:  5    Str: 22    XL:     6   Next: 12%
Magic:  6/6        EV: 13    Int:  9    God:
Gold:   147        SH:  0    Dex: 15    Spells: 5/5 levels left

rFire   x .          .
                       - Unarmed
rCold   . . .        (no shield)
rNeg    . . .        b - +0 leather armour
rPois   .            c - +0 helmet
rElec   .            (no cloak)
rCorr   .            (no gloves)
SInv    .            o - +0 pair of boots
Will    +....        (no amulet)
Stlth   +            k - +6 ring of strength
HPRegen 0.27/turn    (no ring)
MPRegen 0.10/turn

%: random rage (3%)
@: no status effects
A: claws 2, berserk 1, strong-willed 1, heat vulnerability 1
a: no special abilities


You were on level 4 of the Dungeon.
You visited 1 branch of the dungeon, and saw 4 of its levels.

You collected 147 gold pieces.

Inventory:

Hand Weapons
 a - a +0 rapier
Missiles
 d - 3 throwing nets (quivered)
 e - a javelin
Armour
 b - a +0 leather armour (worn)
 c - a +0 helmet (worn)
 o - a +0 pair of boots (worn)
Jewellery
 k - a +6 ring of strength (left claw)
 q - a ring of ice
Talismans
 h - a serpent talisman
 n - a flux talisman
Wands
 l - a wand of roots (8)
Scrolls
 i - a scroll of amnesia
 j - a scroll of poison {unknown}
 r - a scroll of teleportation
 s - a scroll of fear
Potions
 f - a potion of heal wounds {unknown}
 g - 2 potions of brilliance {unknown}
 m - 2 potions of curing {unknown}
 p - a potion of might {unknown}


   Skills:
 + Level 3.3 Fighting
 - Level 2.7 Short Blades
 - Level 1.7 Throwing
 + Level 2.0 Armour
 + Level 3.5 Dodging
 + Level 1.6 Unarmed Combat
 * Level 2.6 Shapeshifting


You had 5 spell levels left.
You didn't know any spells.
Your spell library was empty.

Dungeon Overview and Level Annotations

Branches:
Dungeon (4/15)
 Temple: D:4-7

Altars:
Cheibriados
Wu Jian


Innate Abilities, Weirdness & Mutations

You have very sharp fingernails.
You sometimes lose your temper in combat.
You are strong-willed. (Will+)
You are vulnerable to heat. (rF-)


Message History

There is a stone staircase leading down here.
Found a stone staircase leading down.
A black bear comes into view.
Found a spear.
The black bear bites you! The black bear closely misses you.
The black bear claws you but does no damage.
You claw the black bear!
The black bear is moderately wounded.
The black bear bites you. The black bear claws you.
The black bear barely misses you.
You scratch the black bear but do no damage.
The black bear is moderately wounded.
The black bear bites you. The black bear claws you.
The black bear claws you but does no damage.
You scratch the black bear.
You claw the black bear, but do no damage.
The black bear is moderately wounded.
The black bear bites you. The black bear claws you.
The black bear claws you but does no damage.
You claw the black bear!
The black bear is severely wounded.
The black bear goes berserk!
You scratch the black bear but do no damage.
The black bear is severely wounded.
The black bear misses you.
The black bear claws you but does no damage.
The black bear claws you.
You barely miss the black bear.
The black bear is severely wounded.
The black bear closely misses you. The black bear claws you. x2
* * * LOW HITPOINT WARNING * * *
The black bear bites you!
* * * LOW HITPOINT WARNING * * *
The black bear misses you. The black bear claws you.
* * * LOW HITPOINT WARNING * * *
The black bear rages.
Found a murky puce potion.
The black bear attacks as it pursues you!
The black bear bites you.
You die...

#.!..# #....# #.#
#....# .#.#.# #.#
#....###......#.#
#.)..+...#.#..#.##
#....###..........
#.##.#........#.##
#@##........>##.#
#.h....# ##....##
###......#
#.......
..........#
#...####
#.###.....## #.###
#.....#####.#
##..........#
....###########
....


You could see a black bear (berserk).

Vanquished Creatures
  A scorpion (D:4)
  An orc priest (D:3)
  An iguana (D:4)
  An iron imp (D:4)
  An orc wizard (D:3)
  5 adders
  A worm (D:2)
  4 dart slugs
  2 orcs (D:3)
  5 ball pythons
  2 endoplasms
  2 giant cockroaches
  3 goblins
  A hobgoblin (D:1)
  19 jackals
  3 quokkas
  3 bats
  7 frilled lizards
  6 kobolds
  5 rats
73 creatures vanquished.

Notes
Turn   | Place    | Note
-------+----------+-------------------------------------------
     0 | D:1      | Nafanya the Demonspawn Gladiator began the quest for the
                  | Orb.
     0 | D:1      | Reached XP level 1. HP: 16/16 MP: 1/1
   135 | D:1      | Found a faded altar of an unknown god.
   154 | D:1      | Gained mutation: You have sharp fingernails. [demonic
                  | ancestry]
   154 | D:1      | Reached XP level 2. HP: 22/22 MP: 2/2
   926 | D:2      | Reached skill level 1 in Shapeshifting
   926 | D:2      | Reached XP level 3. HP: 19/28 MP: 3/3
  1219 | D:2      | Reached skill level 1 in Armour
  1541 | D:2      | Gained mutation: You have very sharp fingernails. [demonic
                  | ancestry]
  1541 | D:2      | Reached XP level 4. HP: 28/34 MP: 4/4
  1748 | D:3      | Reached skill level 1 in Unarmed Combat
  1863 | D:3      | Reached XP level 5. HP: 39/40 MP: 5/5
  1869 | D:3      | Found an ornate altar of the Wu Jian Council.
  1988 | D:3      | Gained mutation: You have hidden genetic defects. [potion
                  | of mutation]
  1988 | D:3      | Gained mutation: You do not regenerate when monsters are
                  | visible. [potion of mutation]
  1988 | D:3      | Gained mutation: You have sharp toenails. [potion of
                  | mutation]
  1988 | D:3      | Gained mutation: You expend magic power (3 MP) to
                  | strengthen your wands. [potion of mutation]
  1989 | D:3      | Lost mutation: You have sharp toenails. [potion of
                  | mutation]
  1989 | D:3      | Lost mutation: You expend magic power (3 MP) to strengthen
                  | your wands. [potion of mutation]
  1989 | D:3      | Gained mutation: Your magical capacity is low. (-10% MP)
                  | [potion of mutation]
  1989 | D:3      | Gained mutation: You sometimes lose your temper in combat.
                  | [potion of mutation]
  1990 | D:3      | Lost mutation: You do not regenerate when monsters are
                  | visible. [potion of mutation]
  1990 | D:3      | Lost mutation: You sometimes lose your temper in combat.
                  | [potion of mutation]
  1990 | D:3      | Lost mutation: Your magical capacity is low. (-10% MP)
                  | [potion of mutation]
  1990 | D:3      | Gained mutation: You sometimes lose your temper in combat.
                  | [potion of mutation]
  1991 | D:3      | Lost mutation: You have hidden genetic defects. [potion of
                  | mutation]
  1991 | D:3      | Lost mutation: You sometimes lose your temper in combat.
                  | [potion of mutation]
  1991 | D:3      | Gained mutation: You sometimes lose your temper in combat.
                  | [potion of mutation]
  1991 | D:3      | Gained mutation: You are strong-willed. (Will+) [potion of
                  | mutation]
  1991 | D:3      | Gained mutation: You are vulnerable to heat. (rF-) [potion
                  | of mutation]
  2790 | D:4      | Found a snail-covered altar of Cheibriados.
  2795 | D:4      | Reached XP level 6. HP: 47/47 MP: 6/6
  3087 | D:4      | HP: 1/47 [black bear (4)]
  3090 | D:4      | Slain by a black bear

Illustrated notes

Levels and vault maps discovered:
D:1:      lightli_arrival_flooded_house, layout_basic,
          hellmonk_ecumenical_altar_heavens_door, serial_forest,
          infiniplex_forest_clump_medium, infiniplex_forest_clump_curved,
          infiniplex_forest_lined_corner, infiniplex_forest_clump_C,
          infiniplex_forest_end_2, grunt_decor_mini_mirrors
D:2:      layout_loops_ring
D:3:      layout_basic, lemuel_tele_altar, nicolae_kite_square_tiling_tiny
D:4:      layout_basic, chei_slow_surprise, nicolae_overflow_crystal_walls,
          hangedman_decor_diamond_cutter, hex_intersection, hex_tiny

Skill      XL: |  1  2  3  4  5 |
---------------+----------------+-----
Dodging        | 3 |  3.5
Shapeshifting  | 1 2 |  2.6
Armour         | 1 2 |  2.0
Unarmed Combat | 1 |  1.6
Fighting       | 3 |  3.3
Short Blades   | |  2.7
Throwing       | |  1.7

Action                     |  1- 3 |  4- 6 || total
---------------------------+-------+-------++-------
  Melee: Rapier            |    38 |       ||    38
         Unarmed           |   126 |   153 ||   279
         Punch             |     2 |     2 ||     4
    Use: Potion            |       |     4 ||     4
         Scroll            |       |     3 ||     3
   Stab: Sleeping          |     1 |     1 ||     2
 Armour: Leather armour    |   104 |   106 ||   210
  Dodge: Dodged            |   103 |    84 ||   187

Table legend: (Time is in decaauts)
 A = Elapsed time spent in this place.
 B = Non-inter-level travel time spent in this place.
 C = Inter-level travel time spent in this place.
 D = Time resting spent in this place.
 E = Time spent auto-exploring this place.
 F = Levels seen in this place.
 G = Mean time per level.
                   A        B        C        D        E       F      G
               +--------+--------+--------+--------+--------+-----+--------+
         Total |   3100 |   3013 |     87 |    437 |   1868 |   4 |  775.0 |
       Dungeon |   3100 |   3013 |     87 |    437 |   1868 |   4 |  775.0 |
               +--------+--------+--------+--------+--------+-----+--------+

Top non-repeatable levels by time:
     D:2: 866 daAuts
     D:3: 865 daAuts
     D:1: 793 daAuts
     D:4: 575 daAuts
